 Dungeon Crawl Stone Soup version 0.28-a0-1002-gf00fe891ef (webtiles) character file.

Game seed: 3507189490218134599

79 horus123 the Magician (level 4, -2/31 HPs)
             Began as a Djinni Hedge Wizard on Dec 6, 2021.
             Killed from afar by Ijyb (8 damage)
             ... with an iceblast
             ... on level 2 of the Dungeon.
             The game lasted 00:05:00 (2563 turns).

horus123 the Magician (Djinni Hedge Wizard)         Turns: 2563, Time: 00:05:01

Health: -2/31      AC:  2    Str:  9    XL:     4   Next: 62%
Gold:   56         EV: 12    Int: 18    God:
                   SH:  0    Dex: 12

rFire   + + +      SeeInvis .   k - staff of poison
rCold   x . .      Faith    .   (no shield)
rNeg    . . .      Spirit   .   b - +0 robe
rPois   ∞          Reflect  .   c - +0 hat
rElec   .          Harm     .   (no cloak)
rCorr   .          Rampage  .   (no gloves)
Will    .....                   (boots unavailable)
Stlth   ++........              (no amulet)
HPRegen 0.10/turn               d - ring of protection from fire
MPRegen 0.00/turn               (no ring)

@: flying
A: sickness immunity, fire resistance 2, cold vulnerability 1, float, innate
caster, hp casting, extra vitality 1
a: no special abilities


You were on level 2 of the Dungeon.
You visited 1 branch of the dungeon, and saw 2 of its levels.

You collected 56 gold pieces.

Inventory:

Hand Weapons
 a - a +0 dagger
Armour
 b - a +0 robe (worn)
 c - a +0 hat (worn)
Magical Staves
 k - a staff of poison (weapon)
Jewellery
 d - a ring of protection from fire (left hand)
 l - a ring of protection from cold
Scrolls
 h - 2 scrolls of teleportation
 j - a scroll of noise {unknown}
Potions
 e - a potion of brilliance {unknown}
 f - a potion of curing
 g - a potion of haste {unknown}
 i - a potion of degeneration {unknown}


   Skills:
 - Level 2.1 Dodging
 - Level 1.5 Stealth
 + Level 3.9 Spellcasting


You couldn't memorise any spells.
You knew the following spells:

 Your Spells              Type           Power      Damage    Failure   Level
a - Magic Dart            Conj           68%        1d6       3%          1
b - Blink                 Tloc           34%        N/A       4%          2
c - Call Imp              Summ           17%        N/A       4%          2
d - Slow                  Hex            68%        N/A       3%          1
e - Conjure Flame         Conj/Fire      17%        6-21      9%          3
f - Mephitic Cloud        Conj/Pois/Air  26%        N/A       9%          3
g - Shock                 Conj/Air       68%        1d7       3%          1
Your spell library was empty.

Dungeon Overview and Level Annotations

Branches:
Dungeon (2/15)

Altars:

Annotations:
D:2 Ijyb


Innate Abilities, Weirdness & Mutations

You are immune to sickness and miasma.
You are immune to poison.
Your flesh is very heat resistant. (rF++)
You are vulnerable to cold. (rC-)
You float through the air rather than walking.
You learn spells naturally, not from books.
Your magical power is your life essence.
You have superior vitality. (+4 HP)


Message History

Your crimson imp disappears in a puff of smoke!
Casting: Blink (safe; 4% risk of failure)
Confirm with . or Enter, or press ? or * to list all spells.
A beastly little devil appears in a puff of flame.
Ijyb zaps a wand.
The mass of ice explodes!
The iceblast engulfs your crimson imp!
Your crimson imp is frozen!
Your crimson imp blinks!
Casting: Call Imp (safe; 4% risk of failure)
Confirm with . or Enter, or press ? or * to list all spells.
Okay, then.
Casting: Call Imp (safe; 4% risk of failure)
Confirm with . or Enter, or press ? or * to list all spells.
Aiming: Magic Dart (safe; 3% risk of failure)
Press: ? - help, Shift-Dir - straight line, f/p - Ijyb
Aim: Ijyb, wielding a +0 dagger, wearing a +0 chain mail and carrying a wand of iceblast (6) (moderately wounded, ally target, 100% to hit)
The magic dart hits Ijyb but does no damage.
Ijyb is moderately wounded.
Something completely misses your crimson imp.
Your crimson imp blinks!
Casting: Magic Dart (safe; 3% risk of failure)
Confirm with . or Enter, or press ? or * to list all spells.
Aiming: Magic Dart (safe; 3% risk of failure)
Press: ? - help, Shift-Dir - straight line, f/p - Ijyb
Aim: Ijyb, wielding a +0 dagger, wearing a +0 chain mail and carrying a wand of iceblast (6) (moderately wounded, 100% to hit)
The magic dart hits Ijyb but does no damage.
Ijyb is moderately wounded.
Casting: Magic Dart (safe; 3% risk of failure)
Confirm with . or Enter, or press ? or * to list all spells.
A shadowy apparition takes form in the air.
Casting: Call Imp (safe; 4% risk of failure)
Confirm with . or Enter, or press ? or * to list all spells.
A beastly little devil appears in a puff of frigid air.
* * * LOW HITPOINT WARNING * * *
Your shadow imp disappears in a puff of smoke!
Ijyb hits you with a +0 dagger.
* * * LOW HITPOINT WARNING * * *
Ijyb zaps a wand.
The mass of ice explodes!
The iceblast engulfs you!
You feel a painful chill!
You die...

#.[......÷...##### #
#.....)....#....<# ###
#..........#####)## ####..
#..........# #..####....#
#.............# ##..##÷.####
#..###........########........>
.. ......................#####
# ######......#######....#####
#.....@# ##..#.....#
8.....8#......# #..######.#
#.......#....5g# ####.## #..
#8.....8#.....g###÷...########.
#.......#.....###..............
#8....g8#....####..############
#.......###)......## ########.
#8.....8#...#####.#####........
...)..))).####..........#######


You could see Ijyb (ally target), a goblin and a friendly white imp (summoned).

Vanquished Creatures
  2 adders (D:2)
  2 worms (D:2)
  3 dart slugs
  5 ball pythons
  A bat (D:2)
  4 endoplasms
  2 giant cockroaches
  15 goblins
  A hobgoblin (D:2)
  2 quokkas (D:1)
  A frilled lizard (D:2)
  A kobold (D:1)
  5 rats
44 creatures vanquished.

Notes
Turn   | Place    | Note
-------+----------+-------------------------------------------
     0 | D:1      | horus123 the Djinni Hedge Wizard began the quest for the
                  | Orb.
     0 | D:1      | Reached XP level 1. HP: 15/15 MP: 0/0
   525 | D:1      | Reached XP level 2. HP: 19/21 MP: 0/0
   734 | D:1      | Reached skill level 3 in Spellcasting
  1197 | D:1      | Reached XP level 3. HP: 16/25 MP: 0/0
  1197 | D:1      | Learned a level 1 spell: Shock
  1602 | D:2      | Found a faded altar of an unknown god.
  1938 | D:2      | Reached XP level 4. HP: 20/31 MP: 0/0
  2536 | D:2      | Noticed Ijyb
  2563 | D:2      | Killed from afar by Ijyb

Illustrated notes

Levels and vault maps discovered:
D:1:      dpeg_arrival_tiny_d, layout_basic
D:2:      kennysheep_the_goblin_king, layout_rooms,
          shapermc_ecumenical_altar_notcrosses, minmay_misc_feat_rows

Skill      XL: |  1  2 |
---------------+-------+-----
Spellcasting   | 3 |  3.9
Dodging        | |  2.1
Stealth        | |  1.5

Action                   |  1- 3 |  4- 6 || total
-------------------------+-------+-------++-------
 Cast: Magic Dart        |    47 |     2 ||    49
       Call Imp          |     1 |     4 ||     5
       Shock             |    32 |    33 ||    65
       Blink             |       |     1 ||     1
  Use: Scroll            |     2 |     1 ||     3
Armor: Robe              |     4 |       ||     4
Dodge: Dodged            |    10 |       ||    10

Table legend: (Time is in decaauts)
 A = Elapsed time spent in this place.
 B = Non-inter-level travel time spent in this place.
 C = Inter-level travel time spent in this place.
 D = Time resting spent in this place.
 E = Time spent auto-exploring this place.
 F = Levels seen in this place.
 G = Mean time per level.
                   A        B        C        D        E       F      G
               +--------+--------+--------+--------+--------+-----+--------+
         Total |   2561 |   2534 |     27 |    309 |   1998 |   2 | 1280.5 |
       Dungeon |   2561 |   2534 |     27 |    309 |   1998 |   2 | 1280.5 |
               +--------+--------+--------+--------+--------+-----+--------+

Top non-repeatable levels by time:
     D:1: 1456 daAuts
     D:2: 1105 daAuts
